 Dungeon Crawl Stone Soup version 0.31.0-12-g77e489cdc1 (webtiles) character file.

Game seed: 11360853625118373004

2614 Gadfly the Covered (level 9, -1/72 HPs)
             Began as an Armataur Fighter on Mar 1, 2024.
             Was an Initiate of the Shining One.
             Slain by an ogre
             ... wielding a +0 glaive
              (17 damage)
             ... in a bailey.
             The game lasted 00:15:23 (7485 turns).

Gadfly the Covered (Armataur Fighter)               Turns: 7485, Time: 00:15:23

Health: -1/72      AC: 13    Str: 25    XL:     9   Next: 34%
Magic:  13/13      EV:  7    Int:  8    God:    the Shining One [......]
Gold:   323        SH:  5    Dex: 11    Spells: 5/8 levels left

rFire   . . .        C - +1 whip (venom)
rCold   . . .        c - +0 buckler
rNeg    . . .        g - +3 scale mail {Will+}
rPois   .            p - +0 helmet
rElec   .            o - +0 cloak
rCorr   .            (no gloves)
SInv    .            (no barding)
Will    +....        (no amulet) Stlth
                     (no ring)
HPRegen 0.32/turn    (no ring)
MPRegen 0.13/turn

%: roll
@: glowing
A: large, deformed body, tough skin 3, armoured tail, roll 2
a: Renounce Religion


You were in a bailey.
You worshipped the Shining One.
The Shining One was noncommittal.
You visited 2 branches of the dungeon, and saw 8 of its levels.
You also visited: Sewer and Bailey.

You collected 323 gold pieces.

Inventory:

Hand Weapons
 a - a +1 flail
 b - a +2 whip of freezing
 k - a +0 morningstar
 m - a +2 dagger of venom
 v - a +1 war axe of flaming
 y - the +3 morningstar of Yredelemnul {heavy, rC+ rN+ Str-5}
   (You found it in a sewer)

   Str-5:     It affects your strength (-5).
   rC+:       It protects you from cold.
   rN+:       It protects you from negative energy.
 C - a +1 whip of venom (weapon)
Armour
 c - a +0 buckler (worn)
 g - a +3 scale mail of willpower (worn)
 o - a +0 cloak (worn)
 p - a +0 helmet (worn)
 B - +0 swamp dragon scales
Wands
 r - a wand of mindburst (14)
 u - a wand of flame (18) (quivered)
Scrolls
 e - a scroll of teleportation
 f - 3 scrolls of fear
 j - 2 scrolls of enchant weapon
 l - a scroll of vulnerability
 w - a scroll of identify
 x - a scroll of fog
 A - a scroll of blinking
Potions
 d - 2 potions of might
 h - a potion of berserk rage
 i - 3 potions of enlightenment
 n - a potion of haste
 q - a potion of ambrosia
 s - 2 potions of attraction
 t - 2 potions of curing
Miscellaneous
 z - a phial of floods


   Skills:
 + Level 4.7 Fighting
 * Level 5.7 Maces & Flails
 + Level 6.1 Armour
 + Level 5.7 Shields
 * Level 5.8 Invocations
 * Level 5.8 Evocations


You had 5 spell levels left.
You knew the following spells:

 Your Spells              Type           Power      Damage    Failure   Level
a - Swiftness             Air            0%         N/A       98%         3

Your spell library contained the following spells:

 Spells                   Type           Power      Damage    Failure   Level
 Necrotise                Necr           0%         1d4       75%         1
 Ensorcelled Hibernation  Hex/Ice        0%         N/A       86%         2
 Gell's Gravitas          Tloc           0%         N/A       98%         3
 Passwall                 Erth           0%         N/A       98%         3
 Teleport Other           Tloc           0%         N/A       98%         3
 Tukima's Dance           Hex            0%         N/A       98%         3
 Vampiric Draining        Necr           0%         2d6       98%         3
 Dimensional Bullseye     Hex/Tloc       0%         N/A       100%        4
 Iskenderun's Mystic Bla  Conj/Tloc      0%         2d3       100%        4
 Martyr's Knell           Necr/Summ      0%         N/A       100%        4
 Passage of Golubria      Tloc           0%         N/A       100%        4
 Curse of Agony           Necr           0%         N/A       100%        5
 Silence                  Hex/Air        0%         N/A       100%        5
 Dispersal                Tloc           0%         N/A       100%        6
 Lehudib's Crystal Spear  Conj/Erth      0%         10d2      100%        8


Dungeon Overview and Level Annotations

Branches:
Dungeon (7/15)             Temple (1/1) D:6           Sewer (visited)
 Bailey (1/1)

Altars:
Ashenzari
Cheibriados
Dithmenos
Elyvilon
Fedhas
Gozag
Hepliaklqana
Kikubaaqudgha
Makhleb
Nemelex Xobeh
Okawaru
Qazlal
Ru
Sif Muna
Trog
Uskayaw
Vehumet
Wu Jian
Xom
Yredelemnul
Zin
The Shining One

Shops:
D:3 (


Innate Abilities, Weirdness & Mutations

Armour fits poorly on your strangely shaped body.
You have extremely tough skin. (AC +3)
You have a long armoured tail.
You regenerate magic and health when rolling toward enemies. (Rampage Regen)


Message History

The spriggan hits you but does no damage.
You miss the spriggan.
The spriggan is lightly wounded.
The spriggan hits you with a +0 trident.
You whack the spriggan!
The spriggan looks as sick as possible!
You tail-slap the spriggan.
The spriggan is heavily wounded.
The spriggan hits you with a +0 trident.
You miss the spriggan.
The spriggan is heavily wounded.
You block the spriggan's attack.
You closely miss the spriggan.
The spriggan is severely wounded.
You whack the spriggan!
You kill the spriggan!
You hear a splash.
You enter the shallow water.
An ogre comes into view. It is wielding a +0 glaive.
Things that are here:
a +0 trident; a +0 halberd You start resting.
An ogre is nearby!
The ogre hits you from afar with a +0 glaive!
* * * LOW HITPOINT WARNING * * *
You enter the shallow water.
Things that are here:
a +0 trident; a +0 halberd You whack the ogre!
The ogre is poisoned.
Your tail-slap misses the ogre.
The ogre is moderately wounded.
The ogre barely misses you.
You hit the ogre but do no damage.
The ogre looks as sick as possible!
The ogre is moderately wounded.
You hit the ogre.
The ogre looks as sick as possible!
The ogre is moderately wounded.
The ogre hits you with a +0 glaive.
* * * LOW HITPOINT WARNING * * *
You barely miss the ogre.
The ogre is moderately wounded.
The ogre hits you with a +0 glaive!
You die...

#######
###.....###
##.........##
##...........##
#....∩...∩....#
##...........##
##.........##
###~~~~@###
#~~~)O# #~~~~~#
#.......#
#.........#
..#######..# .
#..# #..# #..#


You could see an ogre (extremely poisoned).

Vanquished Creatures
  Pikel (D:5)
  Maggie (D:7)
  A spriggan (Bailey)
  Duvessa (D:5)
  A black bear (D:4)
  4 ogres
  A centaur (D:5)
  2 lemures
  4 bullfrogs
  2 scorpions
  Dowan (D:5)
  3 hounds
  A jelly (D:4)
  2 orc priests (D:4)
  A sleepcap (D:5)
  3 iguanas
  4 orc wizards
  Robin (D:3)
  8 gnolls
  9 adders
  A shadow imp (D:5)
  A white imp (D:4)
  6 dart slugs (Sewer)
  2 ribbon worms
  11 orcs
  14 ball pythons
  13 endoplasms
  14 giant cockroaches
  20 goblins
  9 hobgoblins
  6 jackals (D:2)
  5 quokkas
  7 bats
  17 frilled lizards
  5 kobolds
  6 rats
188 creatures vanquished.

Notes
Turn   | Place    | Note
-------+----------+-------------------------------------------
     0 | D:1      | Gadfly the Armataur Fighter began the quest for the Orb.
     0 | D:1      | Reached XP level 1. HP: 18/18 MP: 1/1
   175 | D:1      | Reached XP level 2. HP: 25/25 MP: 2/2
   379 | D:1      | Reached skill level 1 in Invocations
   421 | D:1      | Reached skill level 1 in Evocations
   598 | D:1      | Reached XP level 3. HP: 30/30 MP: 3/3
  1920 | D:2      | Reached XP level 4. HP: 37/37 MP: 5/5
  2012 | D:3      | Found Utannom's Weapon Emporium.
  2332 | D:3      | Found an iron altar of Okawaru.
  2465 | D:3      | Noticed Robin
  2470 | D:3      | Killed Robin
  2750 | D:3      | Found a bloodstained altar of Trog.
  2753 | D:3      | Found a shadowy altar of Dithmenos.
  2757 | D:3      | Found a snail-covered altar of Cheibriados.
  2979 | D:3      | Learned a level 3 spell: Swiftness
  3266 | D:4      | Noticed a black bear
  3273 | D:4      | Killed a black bear
  3274 | D:4      | Reached skill level 4 in Armour
  3274 | D:4      | Reached XP level 5. HP: 41/45 MP: 6/6
  3665 | D:4      | Reached XP level 6. HP: 46/51 MP: 7/7
  4067 | D:5      | Entered Level 5 of the Dungeon
  4237 | D:5      | Noticed Duvessa
  4309 | D:5      | Noticed Dowan
  4473 | D:5      | Killed Duvessa
  4474 | D:5      | Gained mutation: You regenerate magic and health when
                  | rolling toward enemies. (Rampage Regen) [Armataur growth]
  4474 | D:5      | Reached XP level 7. HP: 53/57 MP: 9/9
  4815 | D:5      | HP: 1/57 [poisoned by Dowan]
  4817 | D:5      | Killed Dowan
  5108 | D:5      | Noticed Pikel
  5120 | D:5      | Killed Pikel
  5121 | D:5      | Reached skill level 5 in Armour
  5121 | D:5      | Reached XP level 8. HP: 31/66 MP: 9/11
  5401 | D:5      | Reached skill level 5 in Shields
  5574 | D:5      | Found an opulent altar of Gozag.
  6078 | D:6      | Found a stormy altar of Qazlal.
  6084 | D:6      | Found a blossoming altar of Fedhas.
  6117 | D:6      | Found a staircase to the Ecumenical Temple.
  6126 | Temple   | Entered the Ecumenical Temple
  6136 | Temple   | Became a worshipper of the Shining One
  6244 | D:6      | Found a glowing drain.
  6250 | Sewer    | Entered a sewer
  6486 | Sewer    | Reached skill level 5 in Maces & Flails
  6495 | Sewer    | Reached skill level 5 in Invocations
  6495 | Sewer    | Reached skill level 5 in Evocations
  6497 | Sewer    | Identified the +3 morningstar of Yredelemnul {heavy, rC+
                  | rN+ Str-5}
  7225 | D:7      | Noticed Maggie
  7238 | D:7      | Killed Maggie
  7239 | D:7      | Reached XP level 9. HP: 6/72 MP: 13/13
  7348 | D:7      | Found a hide-covered altar of Uskayaw.
  7387 | D:7      | Found a flagged portal.
  7402 | Bailey   | Entered a bailey
  7455 | Bailey   | Reached skill level 6 in Armour
  7485 | Bailey   | Slain by an ogre

Illustrated notes

Levels and vault maps discovered:
D:1:      lemuel_arrival_river_ford, layout_basic
D:2:      layout_loops_corners, serial_bayou_pond_b, grunt_ministairs_7
D:3:      layout_loops_corners, hellmonk_okawaru_the_only_friend_you_need,
          grunt_temple_overflow_diamond, serial_shops,
          nicolae_shop_bloodbath_and_beyond, uniq_robin
D:4:      layout_loops_cross
D:5:      layout_rooms, lemuel_round_altar, minmay_misc_feat_iff,
          kennysheep_generic_room_6, uniq_pikel, uniq_duvessa
D:6:      layout_rooms, grunt_temple_overflow_forces_of_nature, temple_hall,
          mainiacjoe_sewer_entry_somewhere_in_here_2, sigmund_army
D:7:      layout_gridville, marbit_many_paths, enter_bailey_7, uniq_maggie
Temple:   nicolae_temple_great_sept
Bailey:   bailey_polearm_enchanted_keep_hellmonk, bailey

Skill      XL: |  1  2  3  4  5  6  7  8  9 |
---------------+----------------------------+-----
Maces & Flails | 2 3 4 5 |  5.7
Invocations    | 1 2 3 4 5 |  5.8
Evocations     | 1 2 3 4 5 |  5.8
Fighting       | 3 4 |  4.7
Armour         | 4 5 6 |  6.1
Shields        | 4 5 |  5.7

Action                     |  1- 3 |  4- 6 |  7- 9 || total
---------------------------+-------+-------+-------++-------
  Melee: Flail             |   120 |   150 |    45 ||   315
         Tailslap          |    12 |    17 |    28 ||    57
         Whip              |       |       |   244 ||   244
         Morningstar       |       |       |    16 ||    16
  Evoke: Wand              |       |       |     5 ||     5
    Use: Scroll            |     4 |     7 |     8 ||    19
         Potion            |       |     4 |     3 ||     7
 Armour: Scale mail        |   101 |   151 |   232 ||   484
  Dodge: Dodged            |    53 |    63 |    94 ||   210
  Block: Buckler           |    42 |    37 |    67 ||   146
